 Dungeon Crawl Stone Soup version 0.21.0-25-ge575cb9ce8 (webtiles) character file.

292 Peloso the Shield-Bearer (level 6, -2/42 HPs)
             Began as a Halfling Fighter on Jan 25, 2018.
             Killed by nerve-wracking pain
             ... invoked by an orc priest
              (9 damage)
             ... on level 3 of the Dungeon.
             The game lasted 00:05:10 (3027 turns).

Peloso the Shield-Bearer (Halfling Fighter)         Turns: 3027, Time: 00:05:10

Health: -2/42      AC:  8    Str: 19    XL:     6   Next: 59%
Magic:  6/6        EV: 11    Int:  6    God:
Gold:   158        SH: 10    Dex: 14    Spells: 5/5 levels left

rFire    . . .     SeeInvis .   a - +0 long sword
rCold    . . .     Gourm    .   c - +0 shield
rNeg     . . .     Faith    .   b - +0 acid dragon scales
rPois    .         Spirit   .   (no helmet)
rElec    .         Reflect  .   h - +0 cloak (curse)
rCorr    +         Harm     .   (no gloves)
MR       .....                  (no boots)
Stlth    +.........             (no amulet)
HPRegen  0.14/turn              (no ring)
MPRegen  0.10/turn              (no ring)

@: no status effects
A: small, mutation resistance 1
a: no special abilities


You were on level 3 of the Dungeon.
You were not hungry.

You visited 1 branch of the dungeon, and saw 4 of its levels.

You collected 158 gold pieces.

Inventory:

Hand Weapons
 a - a +0 long sword (weapon)
 g - a +1 spear of venom
Armour
 b - +0 acid dragon scales (worn)
 c - a +0 shield (worn)
 h - a cursed +0 cloak (worn)
Scrolls
 e - 2 scrolls of fear {unknown}
 j - 6 scrolls of identify {unknown}
 l - a scroll of immolation {unknown}
 m - 3 scrolls of remove curse {unknown}
 p - a scroll of teleportation {unknown}
 r - a scroll of random uselessness {unknown}
Potions
 d - a potion of might
 i - a potion of haste {unknown}
 k - 5 potions of curing {unknown}
 n - 3 potions of lignification {unknown}
 o - a potion of agility {unknown}
Books
 q - a book of Misfortune

   Spells                             Type                      Level
   a - Confusing Touch                Hexes                        1
   b - Confuse                        Hexes                        3
   c - Gell's Gravitas                Translocation                3
   d - Petrify                        Transmutation/Earth          4
   e - Metabolic Englaciation         Hexes/Ice                    5
   f - Yara's Violent Unravelling     Hexes/Transmutation          5
Comestibles
 f - 7 rations


   Skills:
 + Level 3.3 Fighting
 + Level 4.1 Long Blades
 + Level 4.3 Armour
 + Level 1.6 Dodging
 + Level 4.8 Shields


You had 5 spell levels left.
You didn't know any spells.

Dungeon Overview and Level Annotations

Branches:
Dungeon (4/15)
 Temple: D:4-7

Altars:

Annotations:
D:4 Sigmund


Innate Abilities, Weirdness & Mutations

You are small and have problems with some larger weapons.
You are somewhat resistant to further mutation.


Message History

You closely miss the orc priest.
The orc priest is lightly wounded.
You block the orc priest's attack.
You hit the orc priest.
The orc priest is lightly wounded.
The orc priest hits you but does no damage.
The orc priest hits you.
* * * LOW HITPOINT WARNING * * *
You closely miss the orc priest.
The orc priest is lightly wounded.
You block the orc priest's attack.
You closely miss the orc priest.
The orc priest is lightly wounded.
The orc priest hits you but does no damage.
You hit the orc priest but do no damage.
The orc priest is lightly wounded.
The orc priest misses you.
The orc priest invokes the aid of Beogh against you.
Pain shoots through your body!
You die...

#.....# #.#. #.###.# ########.#.
#####.###.# #..........
..........# #.######.#.
#####.##..# ##### #.# ##....
#.##..# #...####.# #..... #.##<.#
##....>...# ##.... #.....###
#.o....#### ##.##
###.....###.@..#.# #.##
#..##.##.......# #.##
#..##.##.......# ##+##
#.....##.......# ##...# #
##.##..###....#.# ##..... ##
##..##..# #....#.## ##......
.####...##..###.......####.......
.'..................>....'.).....
.####...##.######.#...####.......


You could see an orc priest.

Vanquished Creatures
  A centaur (D:3)
  Natasha (twice) (D:3)
  3 adders
  5 gnolls
  An ooze (D:2)
  2 worms
  2 dart slugs
  A leopard gecko (D:1)
  5 orcs (D:3)
  11 bats
  4 giant cockroaches
  7 hobgoblins
  2 jackals (D:1)
  10 kobolds
  A quokka (D:3)
  A ball python (D:2)
  6 frilled lizards
  6 goblins
  11 rats
81 creatures vanquished.

Vanquished Creatures (others)
  4 toadstools (D:1)
4 creatures vanquished.

Grand Total: 85 creatures vanquished

Notes
Turn   | Place    | Note
-------+----------+-------------------------------------------
     0 | D:1      | Peloso the Halfling Fighter began the quest for the Orb.
     0 | D:1      | Reached XP level 1. HP: 15/15 MP: 1/1
    46 | D:1      | Reached XP level 2. HP: 19/20 MP: 2/2
   425 | D:1      | Reached XP level 3. HP: 15/25 MP: 3/3
  1198 | D:2      | Reached XP level 4. HP: 30/30 MP: 4/4
  1929 | D:3      | Reached skill level 1 in Dodging
  2020 | D:3      | Reached XP level 5. HP: 36/36 MP: 5/5
  2140 | D:3      | Noticed a centaur
  2160 | D:3      | HP: 1/36 [centaur (3)]
  2162 | D:3      | Killed a centaur
  2432 | D:3      | Noticed Natasha
  2439 | D:3      | Killed Natasha
  2439 | D:3      | Reached XP level 6. HP: 32/42 MP: 6/6
  2474 | D:3      | Noticed Natasha
  2491 | D:3      | Killed Natasha
  3018 | D:4      | Noticed Sigmund
  3027 | D:3      | Killed from afar by an orc priest

Skill      XL: |  1  2  3  4  5  6 |
---------------+-------------------+-----
Fighting       | 3 |  3.3
Shields        | 4 |  4.8
Armour         | 4 |  4.3
Dodging        | 1 |  1.6
Long Blades    | 3 4 |  4.1

Action                   |  1- 3 |  4- 6 || total
-------------------------+-------+-------++-------
Melee: Long sword        |   110 |   174 ||   284
  Eat: Chunk             |     1 |     6 ||     7
Armor: Scale mail        |     9 |       ||     9
       Acid dragon scale |    41 |    54 ||    95
Dodge: Dodged            |    88 |    59 ||   147
Block: Shield            |    99 |   105 ||   204
       Rpst.: Long sword |    25 |    17 ||    42
